General information
- name: BNet
- type: Ladder team game (AT/RT)
- host: Battle.net
- saver: Funny
map: Deadlands
- players: 8
- length: 29:37
- speed: Fast
- version: 1.27 W3XP
- replay type: Public
» download(200 KB)
Players
team 1 (loser)

»
Spyro (
green | 35 APM | 1050 actions | 29:36)
5 Dreadlord
3 Vampiric Aura
2 Sleep
5 Death Knight
3 Unholy Aura
2 Death Coil
» actions
| Assign group hotkey | 7 | |
| Basic commands | 96 | |
| Build / train | 66 | |
| Enter build submenu | 26 | |
| Enter hero's abilities submenu | 10 | |
| Give item / drop item | 4 | |
| Right click | 457 | |
| Select / deselect | 212 | |
| Select group hotkey | 131 | |
| Use ability | 41 | |
1050 total
» units
| Acolyte | 7 | |
| Ghoul | 9 | |
| Crypt Fiend | 3 | |
| Frost Wyrm | 8 | |
| Gargoyle | 2 | |
29 total
» upgrades
| Creature Attack | 3 | |
| Creature Carapace | 3 | |
| Freezing Breath | 1 | |
| Unholy Strength | 1 | |
| Unholy Armor | 1 | |
9 total
» buildings
| Crypt | 1 | |
| Ziggurat | 12 | |
| Altar of Darkness | 1 | |
| Tomb of Relics | 1 | |
| Halls of the Dead | 1 | |
| Graveyard | 1 | |
| Black Citadel | 5 | |
| Sacrificial Pit | 1 | |
| Boneyard | 3 | |
| Necropolis | 1 | |
| Slaughterhouse | 1 | |
| Temple of the Damned | 1 | |
29 total
» build order
00:21 Crypt
00:25 Ziggurat
00:38 Altar of Darkness
01:06 Ziggurat
01:20 Tomb of Relics
04:16 Halls of the Dead
04:20 Graveyard
04:45 Ziggurat
04:51 Ziggurat
06:37 Black Citadel
06:37 Black Citadel
06:37 Black Citadel
06:46 Sacrificial Pit
06:59 Ziggurat
07:00 Ziggurat
08:59 Boneyard
09:07 Boneyard
09:11 Boneyard
09:15 Ziggurat
10:19 Ziggurat
10:56 Ziggurat
22:31 Necropolis
27:18 Ziggurat
27:21 Slaughterhouse
27:24 Temple of the Damned
27:28 Ziggurat
27:30 Ziggurat
» items
| Rod of Necromancy | 5 | |
| Scroll of Healing | 1 | |
| Orb of Corruption | 1 | |
| Potion of Healing | 2 | |
| Scroll of Town Portal | 1 | |
10 total
Retard-Time (
yellow | 77 APM | 2267 actions | 29:36)
5 Warden
3 Shadow Strike
2 Blink
4 Naga Sea Witch
2 Frost Arrows
2 Forked Lightning
2 Dark Ranger
1 Silence
1 Black Arrow
» actions
| Assign group hotkey | 22 | |
| Basic commands | 66 | |
| Build / train | 83 | |
| Enter build submenu | 34 | |
| Enter hero's abilities submenu | 11 | |
| Give item / drop item | 2 | |
| Remove unit from queue | 1 | |
| Right click | 1240 | |
| Select / deselect | 362 | |
| Select group hotkey | 345 | |
| Use ability | 101 | |
2267 total
» units
| Wisp | 38 | |
| Archer | 7 | |
| Dryad | 2 | |
| Druid of the Claw | 5 | |
52 total
» upgrades
| Improved Bows | 1 | |
| Druid of the Claw Training | 2 | |
| Nature's Blessing | 1 | |
4 total
» buildings
| Altar of Elders | 1 | |
| Moon Well | 9 | |
| Ancient of War | 2 | |
| Tree of Ages | 1 | |
| Tree of Life | 3 | |
| Hunter's Hall | 1 | |
| Ancient of Wonders | 2 | |
| Ancient of Lore | 2 | |
| Tree of Eternity | 1 | |
| Ancient Protector | 10 | |
32 total
» build order
00:07 Altar of Elders
00:20 Moon Well
00:32 Ancient of War
01:38 Moon Well
03:13 Tree of Ages
03:24 Tree of Life
03:48 Moon Well
03:52 Moon Well
05:19 Hunter's Hall
05:21 Ancient of Wonders
06:36 Ancient of Lore
07:15 Ancient of Lore
07:17 Tree of Eternity
08:04 Moon Well
08:05 Moon Well
09:57 Moon Well
09:57 Moon Well
10:50 Ancient Protector
10:52 Moon Well
11:30 Ancient Protector
11:33 Ancient Protector
11:39 Ancient Protector
12:04 Ancient Protector
16:07 Tree of Life
16:16 Ancient Protector
16:18 Ancient Protector
16:19 Ancient Protector
16:20 Ancient Protector
16:23 Ancient of Wonders
16:25 Ancient of War
16:59 Ancient Protector
19:40 Tree of Life
» items
| Scroll of Town Portal | 3 | |
| Potion of Lesser Invulnerability | 1 | |
| Orb of Venom | 1 | |
| Staff of Preservation | 1 | |
| Potion of Healing | 1 | |
| Potion of Mana | 1 | |
| Lesser Clarity Potion | 1 | |
| Moonstone | 1 | |
10 total

»
ijdgaf (
red | 96 APM | 2856 actions | 29:36)
5 Blademaster
3 Wind Walk
2 Critical Strike
5 Shadow Hunter
2 Hex
3 Healing Wave
» actions
| Assign group hotkey | 27 | |
| Basic commands | 20 | |
| Build / train | 97 | |
| Enter build submenu | 18 | |
| Enter hero's abilities submenu | 10 | |
| Give item / drop item | 8 | |
| Right click | 1201 | |
| Select / deselect | 375 | |
| Select group hotkey | 983 | |
| Use ability | 117 | |
2856 total
» units
| Peon | 13 | |
| Wind Rider | 12 | |
| Raider | 3 | |
| Shaman | 5 | |
| Tauren | 4 | |
| Kodo Beast | 1 | |
| Troll Batrider | 5 | |
43 total
» upgrades
| Ranged Weapons | 3 | |
| Armor | 3 | |
| Shaman Training | 2 | |
| Envenomed Spears | 1 | |
| Pillage | 1 | |
| Melee Weapons | 3 | |
| Ensnare | 1 | |
| Pulverize | 1 | |
| War Drums Damage Increase | 1 | |
| Liquid Fire | 1 | |
| Witch Doctor Training | 2 | |
| Spiked Barricades | 3 | |
| Reinforced Defenses | 1 | |
| Spirit Walker Training | 1 | |
| Backpack | 1 | |
25 total
» buildings
| Altar of Storms | 1 | |
| Orc Burrow | 7 | |
| Voodoo Lounge | 1 | |
| Stronghold | 1 | |
| War Mill | 2 | |
| Beastiary | 2 | |
| Fortress | 1 | |
| Spirit Lodge | 1 | |
| Barracks | 1 | |
| Tauren Totem | 1 | |
| Great Hall | 2 | |
20 total
» build order
00:06 Altar of Storms
00:20 Orc Burrow
00:53 Voodoo Lounge
02:46 Stronghold
03:01 Orc Burrow
03:05 War Mill
03:58 Orc Burrow
04:01 Orc Burrow
05:11 Beastiary
05:13 Beastiary
08:06 Orc Burrow
09:53 Fortress
09:56 Spirit Lodge
12:49 Barracks
12:51 Tauren Totem
13:33 Great Hall
19:06 Orc Burrow
20:32 War Mill
21:27 Orc Burrow
26:27 Great Hall
» items
| Healing Salve | 2 | |
| Lesser Clarity Potion | 5 | |
| Boots of Speed | 1 | |
| Staff of Teleportation | 1 | |
| Scroll of Speed | 1 | |
| Scroll of Town Portal | 1 | |
| Scroll of Healing | 1 | |
| Orb of Lightning | 1 | |
13 total

»
ZOt.Dae.Ga.Ri (
teal | 129 APM | 3807 actions | 29:36)
5 Blademaster
3 Wind Walk
2 Critical Strike
» actions
| Assign group hotkey | 50 | |
| Basic commands | 681 | |
| Build / train | 162 | |
| ESC pressed | 2 | |
| Enter build submenu | 16 | |
| Enter hero's abilities submenu | 6 | |
| Give item / drop item | 5 | |
| Right click | 1054 | |
| Select / deselect | 289 | |
| Select group hotkey | 1329 | |
| Use ability | 213 | |
3807 total
» units
» upgrades
| Reinforced Defenses | 1 | |
| Liquid Fire | 1 | |
| Ranged Weapons | 2 | |
| Armor | 2 | |
6 total
» buildings
| Altar of Storms | 1 | |
| Orc Burrow | 6 | |
| Voodoo Lounge | 1 | |
| War Mill | 1 | |
| Stronghold | 4 | |
| Fortress | 1 | |
| Beastiary | 3 | |
| Watch Tower | 1 | |
| Great Hall | 2 | |
20 total
» build order
00:09 Altar of Storms
00:13 Orc Burrow
00:51 Voodoo Lounge
01:34 War Mill
02:27 Stronghold
02:28 Stronghold
02:28 Stronghold
02:59 Orc Burrow
03:27 Orc Burrow
03:58 Orc Burrow
05:11 Fortress
05:13 Beastiary
05:45 Beastiary
12:00 Watch Tower
15:06 Great Hall
17:46 Orc Burrow
19:59 Beastiary
21:50 Great Hall
22:00 Orc Burrow
» items
| Healing Salve | 6 | |
| Lesser Clarity Potion | 7 | |
| Boots of Speed | 4 | |
| Staff of Teleportation | 5 | |
| Orb of Lightning | 1 | |
23 total
team 2 (winner)

»
PaintitGreeN (
orange | 69 APM | 1170 actions | 16:57)
3 Far Seer
2 Feral Spirit
1 Chain Lighting
2 Tauren Chieftain
1 Shockwave
1 Endurance Aura
» actions
| Basic commands | 56 | |
| Build / train | 52 | |
| Enter build submenu | 14 | |
| Enter hero's abilities submenu | 5 | |
| Give item / drop item | 3 | |
| Right click | 548 | |
| Select / deselect | 400 | |
| Use ability | 92 | |
1170 total
» units
| Peon | 11 | |
| Grunt | 5 | |
| Troll Batrider | 15 | |
| Crypt Fiend | 1 | |
| Wind Rider | 3 | |
35 total
» upgrades
| Ranged Weapons | 1 | |
| Reinforced Defenses | 1 | |
| Liquid Fire | 1 | |
3 total
» buildings
| Altar of Storms | 1 | |
| Orc Burrow | 4 | |
| Barracks | 1 | |
| War Mill | 1 | |
| Stronghold | 1 | |
| Voodoo Lounge | 1 | |
| Great Hall | 1 | |
| Beastiary | 2 | |
| Fortress | 2 | |
14 total
» build order
00:11 Altar of Storms
00:22 Orc Burrow
00:38 Barracks
01:41 Orc Burrow
02:35 War Mill
03:09 Stronghold
03:50 Voodoo Lounge
04:52 Great Hall
05:53 Beastiary
05:54 Beastiary
05:56 Orc Burrow
05:57 Orc Burrow
10:15 Fortress
10:15 Fortress
» items
| Lesser Clarity Potion | 1 | |
| Potion of Healing | 1 | |
2 total
delanov (
blue | 63 APM | 906 actions | 14:25)
5 Tauren Chieftain
3 Shockwave
2 Endurance Aura
» actions
| Assign group hotkey | 36 | |
| Basic commands | 31 | |
| Build / train | 58 | |
| ESC pressed | 3 | |
| Enter build submenu | 16 | |
| Enter hero's abilities submenu | 5 | |
| Right click | 403 | |
| Select / deselect | 181 | |
| Select group hotkey | 133 | |
| Use ability | 40 | |
906 total
» units
| Peon | 13 | |
| Grunt | 8 | |
| Shaman | 7 | |
| Tauren | 5 | |
33 total
» upgrades
| Berserker Strength | 1 | |
| Shaman Training | 2 | |
| Melee Weapons | 1 | |
| Pulverize | 1 | |
5 total
» buildings
| Altar of Storms | 2 | |
| Orc Burrow | 4 | |
| Barracks | 1 | |
| Voodoo Lounge | 1 | |
| Stronghold | 1 | |
| War Mill | 3 | |
| Fortress | 1 | |
| Spirit Lodge | 1 | |
| Tauren Totem | 1 | |
| Great Hall | 1 | |
16 total
» build order
00:17 Altar of Storms
00:26 Altar of Storms
00:28 Orc Burrow
00:47 Barracks
01:41 Voodoo Lounge
02:12 Orc Burrow
03:28 Stronghold
03:34 War Mill
05:07 War Mill
05:10 Orc Burrow
05:50 Fortress
06:02 Spirit Lodge
06:13 War Mill
08:38 Tauren Totem
09:55 Orc Burrow
13:18 Great Hall
» items
| Healing Salve | 2 | |
| Lesser Clarity Potion | 5 | |
| Scroll of Speed | 2 | |
| Orb of Lightning | 1 | |
| Potion of Healing | 1 | |
| Potion of Mana | 1 | |
12 total

»
lakersallday (
purple | 89 APM | 1203 actions | 13:28)
4 Death Knight
2 Death Coil
2 Unholy Aura
2 Lich
1 Frost Nova
1 Frost Armor
» actions
| Assign group hotkey | 25 | |
| Basic commands | 37 | |
| Build / train | 54 | |
| ESC pressed | 4 | |
| Enter build submenu | 17 | |
| Enter hero's abilities submenu | 6 | |
| Give item / drop item | 4 | |
| Right click | 594 | |
| Select / deselect | 165 | |
| Select group hotkey | 211 | |
| Use ability | 86 | |
1203 total
» units
| Acolyte | 4 | |
| Ghoul | 3 | |
| Crypt Fiend | 7 | |
14 total
» upgrades
| Creature Attack | 2 | |
| Creature Carapace | 1 | |
| Web | 1 | |
| Freezing Breath | 1 | |
5 total
» buildings
| Crypt | 1 | |
| Altar of Darkness | 1 | |
| Graveyard | 1 | |
| Ziggurat | 4 | |
| Tomb of Relics | 1 | |
| Halls of the Dead | 5 | |
| Nerubian Tower | 1 | |
| Black Citadel | 1 | |
| Sacrificial Pit | 1 | |
| Boneyard | 1 | |
| Necropolis | 1 | |
18 total
» build order
00:14 Crypt
00:31 Altar of Darkness
00:40 Graveyard
00:44 Ziggurat
01:12 Tomb of Relics
01:48 Ziggurat
03:42 Halls of the Dead
03:42 Halls of the Dead
03:42 Halls of the Dead
04:05 Nerubian Tower
04:19 Ziggurat
05:18 Ziggurat
06:14 Black Citadel
07:23 Sacrificial Pit
08:50 Boneyard
11:26 Necropolis
» items
| Rod of Necromancy | 8 | |
| Dust of Appearance | 2 | |
| Scroll of Town Portal | 3 | |
| Orb of Corruption | 1 | |
| Sacrificial Skull | 1 | |
| Potion of Healing | 1 | |
| Scroll of Healing | 2 | |
18 total
Funny (
pink | 47 APM | 1389 actions | 29:37)
2 Keeper of the Grove
1 Entangling Roots
1 Force of Nature
» actions
| Assign group hotkey | 57 | |
| Basic commands | 5 | |
| Build / train | 64 | |
| Enter build submenu | 37 | |
| Enter hero's abilities submenu | 2 | |
| Remove unit from queue | 2 | |
| Right click | 709 | |
| Select / deselect | 161 | |
| Select group hotkey | 280 | |
| Use ability | 72 | |
1389 total
» units
| Wisp | 36 | |
| Goblin Shredder | 1 | |
| Goblin Zeppelin | 3 | |
40 total
» upgrades
| Well Spring | 1 | |
| Nature's Blessing | 1 | |
2 total
» buildings
| Moon Well | 14 | |
| Tree of Ages | 5 | |
| Hunter's Hall | 2 | |
| Ancient of Wonders | 1 | |
| Altar of Elders | 1 | |
| Tree of Eternity | 4 | |
| Ancient Protector | 14 | |
| Tree of Life | 2 | |
43 total
» build order
00:32 Moon Well
01:20 Moon Well
01:24 Moon Well
01:35 Moon Well
02:10 Moon Well
02:24 Moon Well
02:49 Moon Well
03:00 Moon Well
03:18 Moon Well
03:48 Tree of Ages
03:49 Tree of Ages
03:49 Tree of Ages
03:49 Tree of Ages
04:12 Hunter's Hall
04:15 Hunter's Hall
04:41 Ancient of Wonders
04:45 Altar of Elders
04:55 Moon Well
05:13 Moon Well
05:43 Moon Well
05:50 Moon Well
06:22 Tree of Eternity
06:22 Tree of Eternity
06:22 Tree of Eternity
06:41 Ancient Protector
06:53 Ancient Protector
07:05 Ancient Protector
07:41 Ancient Protector
08:11 Ancient Protector
08:22 Ancient Protector
09:12 Tree of Life
10:02 Ancient Protector
11:53 Ancient Protector
12:06 Ancient Protector
12:12 Ancient Protector
12:37 Ancient Protector
12:52 Ancient Protector
13:33 Ancient Protector
13:36 Ancient Protector
14:49 Tree of Life
15:15 Moon Well
» items
| Potion of Healing | 1 | |
| Lesser Clarity Potion | 1 | |
| Healing Salve | 1 | |
| Tiny Great Hall | 2 | |
| Orb of Lightning | 1 | |
| Staff of Teleportation | 1 | |
| Potion of Invisibility | 1 | |
8 total
Chat log
(00:07 / Allies) lakersallday: 100?
(00:54 / Allies) lakersallday: ty
(01:09 / Allies) PaintitGreeN: blue hero ?
(01:13 / Allies) delanov: tc
(01:15 / Allies) delanov: meele
(01:17 / Allies) PaintitGreeN: k
(01:19 / Allies) PaintitGreeN: me fs
(01:35 / Allies) PaintitGreeN: + air
(01:47 / Allies) Funny: i make wisps and wells
(02:05 / Allies) delanov: not good
(02:21 / Allies) Funny: moon wells are a good unit
(03:03 / Allies) PaintitGreeN: pink feed me ?
(03:11 / Allies) Funny: spending gold and lumber on wells and wisps
(03:59 / Allies) Funny: i may make towers too
(04:13 / Allies) lakersallday: ty
(04:34 / Allies) delanov: gay
(05:31 / Allies) lakersallday: ty
(06:23 / Allies) PaintitGreeN: go team
(10:05 / Allies) PaintitGreeN: plz pink
(10:07 / Allies) lakersallday: we need expo
(10:08 / Allies) PaintitGreeN: make army
(12:33 / Allies) delanov: just all meet
(12:59 / Allies) PaintitGreeN: tp
(13:01 / Allies) Funny: our sacred grove is being desicrated
(19:59 / All) Retard-Time: bad manner
(21:00 / All) Retard-Time: so gay
(29:11 / All) Funny: damn I thought that was a good spot
(29:14 / All) Funny: and u wouldnt find it
(29:17 / All) Funny: used tiny hall and zeppelin
(29:20 / All) Funny: to get it on other end of map
(29:23 / All) Funny: and sneak behind reds base
(29:26 / All) Funny: pro strat
(29:30 / All) ijdgaf: matter of time
(29:31 / All) Funny: lol